 Dungeon Crawl Stone Soup version 0.26-a0-466-g989023bd0d (webtiles) character file.

Game seed: 2424541493879681593

305005 1player the Bludgeoner (level 22, -3/182 HPs)
             Began as a Formicid Fighter on Aug 6, 2020.
             Was the Champion of Wu Jian.
             Killed from afar by a deep elf death mage (37 damage)
             ... with a bolt of negative energy
             ... on level 3 of the Elven Halls.
             The game lasted 03:21:26 (52355 turns).

1player the Bludgeoner (Formicid Fighter)          Turns: 52355, Time: 03:21:27

Health: -3/182     AC: 24    Str: 28    XL:     22   Next: 5%
Magic:  31/31      EV: 14    Int: 20    God:    Wu Jian [******]
Gold:   767        SH: 27    Dex: 21    Spells: 20/33 levels left

rFire    + + +     SeeInvis +   A - +4 eveningstar (venom)
rCold    + . .     Faith    .   W - +1 tower shield
rNeg     . . .     Spirit   .   C - +3 plate armour of the Equinox {-Tele rC+ Int+4 Dex+5}
rPois    +         Reflect  +   (helmet unavailable)
rElec    +         Harm     .   y - scarf {repulsion}
rCorr    +                      E - +1 pair of gloves {Dex+3}
MR       ++++.                  U - +2 pair of boots
Stlth    ..........             X - amulet of Oheog {Reflect rElec Int+5 Dex+3 SH+5 Stlth-}
HPRegen  0.40/turn              N - ring "Lerphana" {rPois MR+}
MPRegen  0.22/turn              p - ring of Midwinter {rF++ rC- MR+}

@: resistant, heavenly storm, glowing, drained, repel missiles
A: permanent stasis, dig shafts and tunnels, four strong arms, antennae 3,
blurry vision 1
}: 2/15 runes: decaying, serpentine
a: Dig, Shaft Self, Wall Jump, Serpent's Lash, Heavenly Storm, Renounce Religion


You were on level 3 of the Elven Halls.
You worshipped Wu Jian.
Wu Jian was exalted by your worship.
You visited 7 branches of the dungeon, and saw 35 of its levels.
You visited the Abyss 1 time.
You also visited: Bailey and Gauntlet.

You collected 4307 gold pieces.
You spent 3540 gold pieces at shops.

Inventory:

Hand Weapons
 A - a +4 eveningstar of venom (weapon)
 B - the +1 mace "Levenn" {venom, *Slow +Blink Str+7 Dex+3}
   (You found it on level 4 of the Dungeon)

   It poisons the flesh of those it strikes.
   It affects your strength (+7).
   It affects your dexterity (+3).
   It lets you blink.
   It may slow you when you take damage.
 I - a +4 great mace of protection
Missiles
 v - 16 silver javelins (quivered)
Armour
 y - a scarf of repulsion (worn)
 C - the +3 plate armour of the Equinox (worn) {-Tele rC+ Int+4 Dex+5}
   (You found it on level 2 of the Swamp)

   It affects your intelligence (+4).
   It affects your dexterity (+5).
   It protects you from cold.
   It prevents most forms of teleportation.
 E - a +1 pair of gloves of dexterity (worn)
 U - a +2 pair of boots (worn)
 W - a +1 tower shield (worn)
Jewellery
 k - an uncursed ring of protection from cold
 p - the ring of Midwinter (right hand) {rF++ rC- MR+}
   (You bought it in a shop on level 2 of the Snake Pit)

   [ring of protection from magic]

   It greatly protects you from fire.
   It makes you vulnerable to cold.
   It affects your resistance to hostile enchantments.
 G - an uncursed ring of flight
 M - a ring of the Octopus King {rCorr AC+1 EV+1 Str+1 Int+1 Dex+1}
   (You found it on level 2 of the Lair of Beasts)

   [ring of resist corrosion]

   It affects your AC (+1).
   It affects your evasion (+1).
   It affects your strength (+1).
   It affects your intelligence (+1).
   It affects your dexterity (+1).
   It provides partial protection from all sources of acid and corrosion.
 N - the ring "Lerphana" (left hand) {rPois MR+}
   (You found it in a Gauntlet)

   [ring of protection from magic]

   It protects you from poison.
   It affects your resistance to hostile enchantments.
 P - an uncursed amulet of regeneration
 X - the amulet of Oheog (around neck) {Reflect rElec Int+5 Dex+3 SH+5 Stlth-}
   (You bought it in a shop on level 6 of the Dungeon)

   [amulet of reflection]

   It shields you and reflects attacks.
   It affects your intelligence (+5).
   It affects your dexterity (+3).
   It insulates you from electricity.
   It affects your SH (+5).
   It makes you less stealthy.
 Y - an uncursed ring of positive energy
Wands
 e - a wand of disintegration (13)
 h - a wand of clouds (1)
 r - a wand of polymorph (10)
 K - a wand of iceblast (29)
 Q - a wand of flame (37)
 V - a wand of paralysis (32)
Scrolls
 j - 7 scrolls of fog
 l - a scroll of fear
 m - 20 scrolls of remove curse {@r2}
 q - 4 scrolls of immolation
 w - 9 scrolls of vulnerability
 O - 2 scrolls of summoning
 R - 5 scrolls of enchant weapon
 S - 6 scrolls of identify {@r1}
 Z - 4 scrolls of amnesia
Potions
 f - 9 potions of curing {@q1}
 s - 3 potions of brilliance
 t - a potion of might
 z - 6 potions of ambrosia
 D - a potion of cancellation
 J - 2 potions of mutation {!q}
 L - 5 potions of lignification
 T - 4 potions of flight
Miscellaneous
 g - a lightning rod (4/4)
 u - a phial of floods
 H - a tin of tremorstones (2/3)


   Skills:
 + Level 17.4(16.0) Fighting
 - Level 20.0(18.5) Maces & Flails
 + Level 12.8(11.5) Armour
 + Level 11.0(9.8) Dodging
 - Level 15.0(13.6) Shields
 - Level 6.0(4.9) Spellcasting
 - Level 20.0(18.5) Hexes
 - Level 0.2(0.0) Ice Magic
 - Level 10.0(8.8) Evocations


You had 20 spell levels left.
You knew the following spells:

 Your Spells              Type           Power        Failure   Level
a - Confusing Touch       Hex            ######..     1%          3
c - Tukima's Dance        Hex            ######..     1%          3
d - Ensorcelled Hibernat  Hex/Ice        #####.       3%          2
f - Cause Fear            Hex            ######....   1%          4
z - Corona                Hex            ######.      1%          1

Your spell library contained the following spells:

 Spells                   Type           Power        Failure   Level
 Dazzling Flash           Conj/Hex       #####.       8%          3
 Summon Guardian Golem    Hex/Summ       #####...     8%          3
 Invisibility             Hex            ######..     9%          6
 Fulminant Prism          Conj/Hex       #####.....   26%         4
 Metabolic Englaciation   Hex/Ice        #####.....   56%         5
 Silence                  Hex/Air        #####.....   56%         5
 Yara's Violent Unravell  Hex/Tmut       #####.....   56%         5
 Apportation              Tloc           #.....       75%         1
 Beastly Appendage        Tmut           #.....       75%         1
 Freeze                   Ice            #...         75%         1
 Magic Dart               Conj           #...         75%         1
 Shock                    Conj/Air       #...         75%         1
 Summon Small Mammal      Summ           #...         75%         1
 Call Imp                 Summ           #.......     87%         2
 Searing Ray              Conj           #.....       87%         2
 Wereblood                Tmut           #.......     87%         2
 Call Canine Familiar     Summ           #.......     98%         3
 Frozen Ramparts          Ice            #.....       98%         3
 Gell's Gravitas          Tloc           #.........   98%         3
 Ignite Poison            Fire/Tmut/Pois #.......     98%         3
 Lesser Beckoning         Tloc           #.........   98%         3
 Ozocubu's Armour         Ice            #.......     98%         3
 Spider Form              Tmut/Pois      #.........   98%         3
 Static Discharge         Conj/Air       #.......     98%         3
 Discord                  Hex            ######....   98%         8
 Hailstorm                Conj/Ice       #.......     100%        4
 Ice Form                 Ice/Tmut       #.......     100%        4
 Iskenderun's Mystic Bla  Conj/Tloc      #.......     100%        4
 Petrify                  Tmut/Erth      #.......     100%        4
 Summon Ice Beast         Ice/Summ       #.......     100%        4
 Summon Lightning Spire   Summ/Air       #.......     100%        4
 Alistair's Intoxication  Tmut/Pois      #........    100%        5
 Blade Hands              Tmut           #.........   100%        5
 Bolt of Magma            Conj/Fire/Erth #.........   100%        5
 Fireball                 Conj/Fire      #.........   100%        5
 Irradiate                Conj/Tmut      #.........   100%        5
 Lightning Bolt           Conj/Air       #.........   100%        5
 Conjure Ball Lightning   Conj/Air       #.........   100%        6
 Hydra Form               Tmut           #.........   100%        6
 Starburst                Conj/Fire      #.........   100%        6
 Statue Form              Tmut/Erth      #........    100%        6
 Dragon Form              Tmut           #.........   100%        7
 Ignition                 Fire           #.........   100%        8
 Shatter                  Erth           #.........   100%        9
 Tornado                  Air            #.........   100%        9


Dungeon Overview and Level Annotations

Branches:
Dungeon (15/15)            Temple (1/1) D:5            Lair (6/6) D:10
  Swamp (4/4) Lair:2        Snake (4/4) Lair:3        Slime (0/5) Lair:6
    Orc (2/2) D:10            Elf (3/3) Orc:2        Vaults (0/5) D:14
 Depths (0/5) D:15         Bailey (visited)         Gauntlet (visited)

Altars:
Ashenzari
Cheibriados
Dithmenos
Elyvilon
Fedhas
Gozag
Hepliaklqana
Kikubaaqudgha
Makhleb
Nemelex Xobeh
Okawaru
Qazlal
Ru
Sif Muna
Trog
Uskayaw
Vehumet
Wu Jian
Xom
Yredelemnul
Zin
The Shining One
Jiyva

Shops:
D:6 ==   D:7 =![[(   D:11 =   D:13 [[   Orc:2 !*[(:[![   Elf:3 *   Snake:2 }==
Snake:4 *!:?

Portals:
Pandemonium: Orc:2

Annotations:
D:3 2 transporters
D:4 1 runed translucent door, Crazy Yiuf
D:8 exclusion: downstairs
D:14 Roxanne
Lair:3 exclusion: 2 oklob plants
Swamp:2 2 transporters, adozu's ghost, journeyman MfIE
Snake:2 3 runed translucent doors, exclusion: obsidian statue, Itiamiot's ghost, adept MiWr
Elf:3 1 exclusion


Innate Abilities, Weirdness & Mutations

You cannot be hasted, slowed, berserked, paralysed or teleported.
You can dig through walls and to a lower floor.
Your four strong arms can wield two-handed weapons with a shield.
You have a pair of large antennae on your head. (SInv)
Scrolls take you a little longer to read.


Message History

The deep elf demonologist is heavily wounded.
The deep elf demonologist mumbles some strange words.
You closely miss the deep elf demonologist.
The deep elf demonologist is moderately wounded.
The deep elf death mage points at you and mumbles some strange words.
The bolt of negative energy misses you.
You block the deep elf demonologist's attack.
You impale the deep elf demonologist!!
The deep elf demonologist is severely wounded.
You hear a shout!
You impale the deep elf demonologist!!
You kill the deep elf demonologist!
The Council accepts your kill.
The Ice Fiend disappears in a puff of smoke!
A deep elf sorcerer comes into view. It is wielding a +0 rapier.
You bludgeon the deep elf death mage!!
The deep elf death mage is poisoned.
The deep elf death mage is heavily wounded.
The deep elf death mage casts a spell at you.
The bolt of negative energy hits you!!!
You feel drained.
You die...

#,*,.#*...## **,,,##.
#.#*..*....###*,,,,#..
#..*,.#e......{,,,,#..
*#.#*........e,,,,##..
#..##......,,,,,,#...
#.......###,,,,,,#...
*#§§§§e...####,,,#..#
#☼§e§§......#####...
##§@☼§###.......)...
###☼☼..##..........
####.............
##############


You could see a deep elf death mage (very poisoned) and a deep elf sorcerer.

Vanquished Creatures
  Vashnia (Snake:2)
  Jorgrun (Swamp:1)
  Rupert (D:12)
  3 deep elf blademasters
  A deep elf master archer (Elf:3)
  A tentacled starspawn (Abyss:3)
  Frances (D:13)
  A thorn hunter (Swamp:3)
  6 nagarajas
  Louise (Snake:2)
  6 deep elf sorcerers
  4 deep elf elementalists
  A stone giant (Orc:1)
  7 deep elf demonologists
  A minotaur (Gauntlet)
  4 deep elf annihilators (Elf:3)
  2 deep elf death magi (Elf:3)
  Snorg (Lair:3)
  2 jiangshi (Abyss:3)
  5 deep elf high priests
  A yaktaur captain (D:15)
  2 vault guards (D:14)
  A catoblepas (D:13)
  13 naga warriors
  5 centaur warriors
  16 hydras
  A death knight (D:12)
  5 shambling mangroves
  4 death yaks
  A merfolk avatar (Lair:6)
  19 anacondas
  7 two-headed ogres
  A satyr (shapeshifter) (Abyss:3)
  7 alligators
  A vampire mage (Abyss:3)
  17 naga sharpshooters
  An ogre mage (D:15)
  25 dancing weapons
  3 orc high priests (Orc:2)
  5 thrashing horrors (Abyss:3)
  Sonja (Orc:1)
  2 soul eaters
  8 shock serpents
  Urug (Lair:1)
  21 deep elf knights
  Nergalle (Orc:1)
  A sixfirhy (Abyss:3)
  5 salamander mystics
  12 swamp dragons
  2 torturous demonspawn (Orc:2)
  2 skeletal warriors (D:12)
  2 spriggan druids
  9 unseen horrors
  9 deep elf archers
  An infernal demonspawn (Orc:2)
  5 naga ritualists
  4 lindwurms (Snake:4)
  2 wizards (D:15)
  47 deep elf magi
  An orb spider (shapeshifter) (Abyss:3)
  6 salamanders
  A shining eye (shapeshifter) (Elf:2)
  5 ugly things
  6 orc knights
  20 mana vipers
  A wolf spider (shapeshifter) (Abyss:3)
  10 orc sorcerers
  2 cyclopes (D:13)
  3 manticores
  4 elephants
  A rust devil (Orc:2)
  25 black mambas
  8 guardian serpents
  A guardian serpent (shapeshifter) (Abyss:3)
  22 naga magi
  16 cane toads
  2 smoke demons (Abyss:3)
  A rime drake (Lair:6)
  A hellion (Abyss:3)
  A freezing wraith (D:12)
  2 efreet
  10 komodo dragons
  2 yaktaurs
  A hellwing (Orc:1)
  2 tengu conjurers (D:14)
  A queen bee (Lair:2)
  A red devil (Orc:2)
  A wolf spider simulacrum (D:15)
  A meliai (shapeshifter) (Abyss:3)
  7 trolls
  Grinder (D:4)
  2 wind drakes (Lair:6)
  14 hornets
  6 tyrant leeches
  7 dream sheep (Lair:6)
  A meliai zombie (D:15)
  26 slime creatures
  2 polar bears (Lair:6)
  7 blink frogs
  A bog body (Swamp:2)
  2 raiju (Abyss:3)
  12 hippogriffs
  A centaur simulacrum (D:15)
  6 flying skulls (Gauntlet)
  Sigmund (D:4)
  4 ynoxinuls
  5 wyverns
  A shadow (Abyss:3)
  2 vampires
  5 spriggans
  4 air elementals
  7 wraiths
  3 large abominations (Abyss:3)
  37 yaks
  2 fire elementals
  2 water elementals (Elf:1)
  A hog (shapeshifter) (Elf:3)
  A human (D:14)
  A golden eye (Abyss:3)
  13 vampire mosquitoes
  A warg (Orc:1)
  46 nagas
  Edmund (D:4)
  5 insubstantial wisps (Swamp:2)
  19 swamp worms
  12 water moccasins
  8 porcupines
  A soldier ant (D:14)
  A floating eye (shapeshifter) (Elf:2)
  44 orc warriors
  11 swamp drakes
  5 ice beasts
  3 sky beasts
  A black bear (D:12)
  A necrophage (D:15)
  2 phantoms
  12 ogres
  19 centaurs
  A tengu (shapeshifter) (D:13)
  16 crocodiles
  17 wolves
  22 bullfrogs
  6 big kobolds
  3 earth elementals
  A water moccasin zombie (D:9)
  2 wyvern zombies
  3 small abominations (Abyss:3)
  A wyvern skeleton (D:11)
  6 scorpions
  14 wights
  43 killer bees
  2 howler monkeys
  3 electric eels
  4 centaur zombies
  A quasit (D:9)
  A bullfrog zombie (D:13)
  6 jellies
  3 centaur skeletons
  14 starcursed masses (Abyss:3)
  25 orc priests
  7 hounds
  20 orc wizards
  A bullfrog skeleton (D:9)
  Ijyb (D:4)
  3 iguanas
  2 hell rats (D:10)
  10 worker ants
  3 hound skeletons
  4 worker ant zombies
  16 gnolls
  9 adders
  2 river rats (D:10)
  7 shadow imps
  3 white imps
  7 ufetubi
  3 adder skeletons
  A dart slug (D:1)
  7 leopard geckos
  105 orcs
  7 bats
  5 giant cockroaches
  17 goblins
  8 hobgoblins
  13 jackals
  A jackal (shapeshifter) (Elf:3)
  4 quokkas
  A ball python (D:3)
  7 frilled lizards
  44 kobolds
  A quokka skeleton (D:7)
  2 quokka zombies (D:5)
  9 rats
1378 creatures vanquished.

Vanquished Creatures (collateral kills)
  the Lernaean hydra (Swamp:4)
  A nagaraja (Snake:4)
  Josephine (D:12)
  A vault guard (D:14)
  A naga sharpshooter (Snake:4)
  A deep elf knight (Elf:1)
  A deep elf mage (Elf:1)
  2 naga magi (Snake:4)
  A wraith (D:12)
  A chaos spawn (Abyss:3)
  5 starcursed masses (Abyss:3)
  A white imp (Abyss:3)
  An orc (Orc:2)
18 creatures vanquished.

Vanquished Creatures (others)
  A nagaraja (Snake:4)
  A dancing weapon (Elf:2)
  An alligator (Swamp:4)
  2 deep elf magi
  A swamp worm (Swamp:1)
  A bullfrog zombie (D:13)
  A white imp (Abyss:3)
  2 briar patches (Swamp:3)
  A bush (Lair:6)
  10 fungi (Lair:6)
  2 lurking horrors (Abyss:3)
  22 plants (Lair:6)
  2 starspawn tentacles (Abyss:3)
  11 withered plants (Gauntlet)
58 creatures vanquished.

Grand Total: 1454 creatures vanquished

Notes
Turn   | Place    | Note
-------+----------+-------------------------------------------
     0 | D:1      | 1player the Formicid Fighter began the quest for the Orb.
     0 | D:1      | Reached XP level 1. HP: 18/18 MP: 1/1
    48 | D:1      | Reached XP level 2. HP: 20/24 MP: 2/2
   334 | D:1      | Reached XP level 3. HP: 28/29 MP: 3/3
   996 | D:2      | Reached XP level 4. HP: 35/35 MP: 4/4
  1428 | D:3      | Found a transporter.
  1571 | D:3      | Found a transporter.
  1648 | D:3      | Found a shimmering blue altar of Sif Muna.
  1733 | D:3      | Reached XP level 5. HP: 41/41 MP: 5/5
  2033 | D:4      | Found an opulent altar of Gozag.
  2035 | D:4      | Found a basalt altar of Yredelemnul.
  2046 | D:4      | Reached skill level 5 in Armour
  2074 | D:4      | Found an ornate altar of the Wu Jian Council.
  2076 | D:4      | Found a sacrificial altar of Ru.
  2177 | D:4      | Noticed Edmund
  2214 | D:4      | Killed Edmund
  2214 | D:4      | Reached skill level 5 in Shields
  2214 | D:4      | Reached XP level 6. HP: 47/47 MP: 6/6
  2283 | D:4      | Noticed Ijyb
  2310 | D:4      | Killed Ijyb
  2500 | D:4      | Noticed an ogre
  2514 | D:4      | Killed an ogre
  2514 | D:4      | Reached XP level 7. HP: 52/52 MP: 7/7
  2674 | D:4      | Noticed Sigmund
  2755 | D:4      | Killed Sigmund
  3255 | D:4      | Found a runed translucent door.
  3256 | D:4      | Got a polished mace
  3262 | D:4      | Noticed Crazy Yiuf
  3264 | D:4      | Got a faintly glowing mace
  3272 | D:4      | Got a transparent mace
  3561 | D:4      | Reached XP level 8. HP: 58/58 MP: 8/8
  4109 | D:4      | Reached skill level 5 in Maces & Flails
  4433 | D:4      | Noticed Grinder
  4456 | D:4      | Killed Grinder
  4456 | D:4      | Reached XP level 9. HP: 38/64 MP: 9/9
  4793 | D:5      | Entered Level 5 of the Dungeon
  4931 | D:5      | Found a staircase to the Ecumenical Temple.
  4944 | Temple   | Entered the Ecumenical Temple
  5066 | D:4      | Became a worshipper of the Wu Jian Council
  5423 | D:5      | Identified the +4 mace "Sojoith" {venom, MR+} (You found it
                  | on level 4 of the Dungeon)
  5446 | D:5      | Reached skill level 5 in Fighting
  5649 | D:4      | Reached * piety under Wu Jian
  6061 | D:6      | Identified the cursed +1 mace of Conscience {freeze, MR+}
                  | (You found it on level 4 of the Dungeon)
  6091 | D:6      | Found Ilech's Jewellery Boutique.
  6134 | D:6      | Identified the +1 mace "Levenn" {venom, *Slow +Blink Str+7
                  | Dex+3} (You found it on level 4 of the Dungeon)
  6263 | D:6      | Found Lyqanink's Jewellery Boutique.
  6807 | D:6      | Found Nideogan's Antique Weapon Boutique.
  7323 | D:7      | Reached skill level 1 in Dodging
  7349 | D:7      | Reached XP level 10. HP: 80/80 MP: 10/10
  7524 | D:7      | Found Hakoy's Antique Weapon Shop.
  7597 | D:7      | Found Dadiawu's Distillery.
  7607 | D:7      | Bought a potion of lignification for 33 gold pieces
  7659 | D:7      | Found Cul Zeoss's Jewellery Boutique.
  7699 | D:7      | Reached ** piety under Wu Jian
  7910 | D:7      | Found Dais's Antique Armour Shoppe.
  8019 | D:7      | Found Uqumow's Antique Armour Shop.
  8230 | D:7      | Found an iron altar of Okawaru.
  8817 | D:8      | Identified the +1 leather armour of Stoicism {MR- rCorr
                  | MP+9}
  8951 | D:8      | Reached skill level 10 in Maces & Flails
  9727 | D:9      | Noticed a two-headed ogre
  9856 | D:8      | Killed a two-headed ogre
  9856 | D:8      | Reached XP level 11. HP: 39/86 MP: 11/11
 10191 | D:9      | Reached *** piety under Wu Jian
 10766 | D:9      | Reached skill level 5 in Dodging
 11153 | D:10     | Entered Level 10 of the Dungeon
 11521 | D:6      | Bought the amulet of Oheog {Reflect rElec Int+5 Dex+3 SH+5
                  | Stlth-} for 712 gold pieces
 11612 | D:10     | Found a staircase to the Orcish Mines.
 12021 | D:10     | Got a slimy halberd
 12078 | D:10     | Reached **** piety under Wu Jian
 12083 | D:10     | Noticed a death yak
 12083 | D:10     | Noticed a death yak
 12091 | D:10     | Noticed a death yak
 12148 | D:10     | Identified the +6 halberd of the Wary Mouths {speed, rPois
                  | rC+ Int+5 Dex+2} (You found it on level 10 of the Dungeon)
 12357 | D:10     | Got a pitted iron ring
 12358 | D:10     | Identified the ring "Asusocul" {Ice *Slow rElec Str-5
                  | Dex+8} (You found it on level 10 of the Dungeon)
 12811 | D:11     | Found Suxaa's Jewellery Shoppe.
 13336 | D:11     | Reached skill level 10 in Armour
 13352 | D:11     | Reached XP level 12. HP: 87/93 MP: 12/12
 13356 | D:11     | Reached ***** piety under Wu Jian
 13360 | D:11     | Learned a level 1 spell: Corona
 13584 | D:10     | Found a staircase to the Lair.
 13595 | Lair:1   | Entered Level 1 of the Lair of Beasts
 13610 | Lair:1   | Reached skill level 1 in Hexes
 13627 | Lair:1   | Noticed Urug
 13646 | Lair:1   | Killed Urug
 13823 | Lair:1   | Reached skill level 5 in Hexes
 14325 | Lair:1   | Noticed a six-headed hydra
 14369 | Lair:1   | Killed a six-headed hydra
 15191 | Lair:2   | Reached skill level 10 in Hexes
 15214 | Lair:2   | Found a staircase to the Swamp.
 15626 | Lair:2   | Reached XP level 13. HP: 97/98 MP: 13/13
 15665 | Lair:2   | Found the ring of the Octopus King
 15672 | Lair:2   | Got a ring of the Octopus King
 15674 | Lair:2   | Identified a ring of the Octopus King {rCorr AC+1 EV+1
                  | Str+1 Int+1 Dex+1} (You found it on level 2 of the Lair of
                  | Beasts)
 15999 | Lair:3   | Learned a level 3 spell: Confusing Touch
 16003 | Lair:3   | Learned a level 3 spell: Tukima's Dance
 16006 | Lair:3   | Learned a level 2 spell: Ensorcelled Hibernation
 16044 | Lair:3   | Found a gate leading to a gauntlet.
 16060 | Gauntlet | Entered a Gauntlet
 16060 | Gauntlet | Found a transporter.
 16060 | Gauntlet | Found a transporter.
 16063 | Gauntlet | Found a transporter.
 16065 | Gauntlet | Found a transporter.
 16101 | Gauntlet | Found a transporter.
 16105 | Gauntlet | Found a transporter.
 16113 | Gauntlet | Noticed a dire elephant
 16116 | Gauntlet | Found a transporter.
 16116 | Gauntlet | Found a transporter.
 16116 | Gauntlet | Found a transporter.
 16144 | Gauntlet | Found a transporter.
 16156 | Gauntlet | Found a transporter.
 16158 | Gauntlet | Found a transporter.
 16364 | Gauntlet | Reached ****** piety under Wu Jian
 16708 | Gauntlet | Got a glittering marble ring
 16742 | Gauntlet | Identified the +6 arbalest of Grace {vorpal, rF- rC+ Int+3
                  | Dex+5}
 16742 | Gauntlet | Noticed a minotaur
 16768 | Gauntlet | Killed a minotaur
 17208 | Lair:3   | Got a faintly humming scale mail
 17324 | Lair:3   | Found a staircase to the Snake Pit.
 17350 | Lair:3   | Noticed a five-headed hydra
 17360 | Lair:3   | Killed a five-headed hydra
 17504 | Lair:3   | Noticed Snorg
 17522 | Lair:3   | Killed Snorg
 18419 | Lair:4   | Identified the cursed +1 scale mail the Freezing Amoeba
                  | {rPois} (You found it on level 3 of the Lair of Beasts)
 18430 | Lair:4   | Found an opulent altar of Gozag.
 18782 | Lair:5   | Got a smoking morningstar
 19118 | Lair:5   | Identified the ring "Lerphana" {rPois MR+} (You found it in
                  | a Gauntlet)
 19477 | Lair:6   | Entered Level 6 of the Lair of Beasts
 19537 | Lair:6   | Identified the +4 morningstar of the Witching Lamprey
                  | {vorpal, MR+ Int+4} (You found it on level 5 of the Lair of
                  | Beasts)
 19593 | Lair:6   | Noticed a five-headed hydra
 19608 | Lair:6   | Killed a five-headed hydra
 19871 | Lair:6   | Reached XP level 14. HP: 89/105 MP: 14/14
 19912 | Lair:6   | Reached skill level 15 in Maces & Flails
 20540 | Lair:6   | Found a staircase to the Slime Pits.
 20540 | Lair:6   | Found a viscous altar of Jiyva.
 21426 | D:12     | Noticed Josephine
 21555 | D:12     | Noticed Rupert
 21783 | D:11     | Reached skill level 10 in Fighting
 22456 | D:12     | Killed Josephine
 22612 | D:12     | Killed Rupert
 23144 | D:13     | Reached skill level 1 in Spellcasting
 23145 | D:13     | Noticed Frances
 23195 | D:13     | Found Laqu Pae's Antique Armour Shoppe.
 23280 | D:13     | Reached skill level 1 in Evocations
 23280 | D:13     | Reached XP level 15. HP: 107/117 MP: 14/18
 23673 | D:13     | Found Ciess's Armour Shop.
 23891 | D:13     | Killed Frances
 23891 | D:13     | Reached skill level 5 in Evocations
 24747 | Orc:1    | Entered Level 1 of the Orcish Mines
 24771 | Orc:1    | Found a flagged portal.
 24785 | Bailey   | Entered a bailey
 25434 | Orc:1    | Noticed a stone giant
 25441 | Orc:1    | Noticed Sonja
 25457 | Orc:1    | Killed a stone giant
 25459 | Orc:1    | Killed Sonja
 25732 | Orc:1    | Noticed Nergalle
 25739 | Orc:1    | Killed Nergalle
 25954 | Orc:2    | Entered Level 2 of the Orcish Mines
 25954 | Orc:2    | Found Tudgheaf's Distillery.
 25989 | Orc:2    | Found Deil's Antique Armour Shop.
 25995 | Orc:2    | Bought a potion of resistance for 140 gold pieces
 26002 | Orc:2    | Reached XP level 16. HP: 126/126 MP: 19/19
 26955 | Orc:2    | Gained mutation: Scrolls take you a little longer to read.
                  | [a neqoxec]
 26966 | Orc:2    | Reached skill level 10 in Dodging
 27132 | Orc:2    | Found Ruevvof's General Store.
 27133 | Orc:2    | Found Kofilic's Distillery.
 27439 | Orc:2    | Found a staircase to the Elven Halls.
 27443 | Orc:2    | Found Guret's Antique Armour Emporium.
 27862 | Orc:2    | Found Bonges's Armour Shoppe.
 28291 | Orc:2    | Found Petava's Antique Weapon Shoppe.
 28291 | Orc:2    | Found a one-way gate leading to the halls of Pandemonium.
 28291 | Orc:2    | Found Ivalin's Book Emporium.
 28510 | Orc:2    | Bought a book of Party Tricks for 700 gold pieces
 28515 | Orc:2    | Learned a level 4 spell: Cause Fear
 28691 | D:7      | Bought a jewelled plate armour for 868 gold pieces
 28911 | D:14     | Identified Roxanne's Disquisition on Stones
 28911 | D:14     | Noticed Roxanne
 29369 | D:14     | Identified the +1 plate armour "Onupa" {rF- rC+ rCorr} (You
                  | bought it in a shop on level 7 of the Dungeon)
 29529 | D:14     | Reached XP level 17. HP: 138/138 MP: 20/20
 30056 | D:14     | Found a gate to the Vaults.
 30128 | D:15     | Entered Level 15 of the Dungeon
 30199 | D:15     | Found a shimmering altar of Xom.
 30199 | D:15     | Reached skill level 10 in Evocations
 30560 | D:15     | Got an encrusted chain mail
 30563 | D:15     | Identified the cursed +0 chain mail of Patterns {Harm
                  | Dex+4} (You found it on level 15 of the Dungeon)
 31095 | D:15     | Found a staircase to the Depths.
 31430 | Swamp:1  | Entered Level 1 of the Swamp
 32247 | Swamp:1  | Got a brightly glowing plate armour
 32247 | Swamp:1  | Noticed Jorgrun
 32286 | Swamp:1  | Killed Jorgrun
 32497 | Swamp:1  | Identified the cursed +0 plate armour "Taptolyreng" {*Drain
                  | MP-9 Int+8 Dex+4} (You found it on level 1 of the Swamp)
 33012 | Swamp:2  | Got a polished plate armour
 33015 | Swamp:2  | Identified the +3 plate armour of the Equinox {-Tele rC+
                  | Int+4 Dex+5} (You found it on level 2 of the Swamp)
 33117 | Swamp:2  | Reached skill level 15 in Hexes
 33205 | Swamp:2  | Found a transporter.
 33207 | Swamp:2  | Noticed adozu's ghost (journeyman MfIE)
 33208 | Swamp:2  | Found a transporter.
 33208 | Swamp:2  | Noticed a thorn hunter
 34324 | Swamp:3  | Noticed a thorn hunter
 34358 | Swamp:3  | Killed a thorn hunter
 34358 | Swamp:3  | Reached XP level 18. HP: 124/146 MP: 20/22
 35471 | Snake:1  | Entered Level 1 of the Snake Pit
 35591 | Snake:1  | Reached skill level 15 in Fighting
 36846 | Snake:2  | Found Ekipezxa's Jewellery Shoppe.
 36847 | Snake:2  | Found Cujezud's Gadget Boutique.
 36848 | Snake:2  | Found Vuxaf's Jewellery Shoppe.
 36857 | Snake:2  | Bought a wand of acid (5) for 360 gold pieces
 36873 | Snake:2  | Found a runed translucent gate.
 36873 | Snake:2  | Found a runed translucent gate.
 36874 | Snake:2  | Found a runed translucent gate.
 36875 | Snake:2  | Found an opulent altar of Gozag.
 36877 | Snake:2  | Noticed Itiamiot's ghost (adept MiWr)
 36957 | Snake:2  | Noticed Vashnia
 36998 | Snake:2  | Killed Vashnia
 38134 | Snake:3  | Noticed Louise
 38142 | Snake:3  | Cast into level 3 of the Abyss (Louise)
 38418 | Abyss:3  | Reached XP level 19. HP: 79/161 MP: 25/25
 38540 | Abyss:3  | HP: 8/161 [crystal guardian/crystal bolt (13)]
 38544 | Snake:3  | Escaped the Abyss
 38935 | Snake:2  | Killed Louise
 39688 | Snake:3  | Reached skill level 10 in Shields
 40529 | Swamp:4  | Entered Level 4 of the Swamp
 41502 | Swamp:4  | Noticed the 27-headed Lernaean hydra
 41503 | Swamp:4  | Killed the 27-headed Lernaean hydra
 42257 | Swamp:4  | Got a decaying rune of Zot
 42833 | Snake:4  | Entered Level 4 of the Snake Pit
 43027 | Snake:4  | Found Bucudef's Magic Scroll Shop.
 43027 | Snake:4  | Found Ryihes's General Store.
 43029 | Snake:4  | Found Ynou's Book Shop.
 43030 | Snake:4  | Found Xeatiod's Distillery.
 43305 | Snake:4  | Reached XP level 20. HP: 168/168 MP: 26/26
 43963 | Snake:4  | Reached skill level 15 in Shields
 45752 | Snake:4  | Got a serpentine rune of Zot
 45954 | Snake:2  | Bought the ring of Midwinter {rF++ rC- MR+} for 637 gold
                  | pieces
 46118 | Elf:1    | Entered Level 1 of the Elven Halls
 46645 | Elf:1    | Identified a scroll of acquirement
 46645 | Elf:1    | Acquired 430 gold pieces
 47292 | Elf:1    | Reached XP level 21. HP: 64/174 MP: 24/27
 47653 | Elf:1    | Identified Ciomo's Grimoire of Conjuration
 48083 | Elf:2    | Acquired a +0 pair of gloves of dexterity
 48354 | Elf:2    | Reached skill level 5 in Spellcasting
 48520 | Elf:2    | Found a huge runed translucent gate.
 48520 | Elf:2    | Found a huge runed translucent gate.
 48520 | Elf:2    | Found a huge runed translucent gate.
 48520 | Elf:2    | Found a huge runed translucent gate.
 48525 | Elf:2    | Found a huge runed translucent gate.
 49781 | Elf:3    | Entered Level 3 of the Elven Halls
 49910 | Elf:3    | Found a radiant altar of Vehumet.
 50283 | Elf:3    | Found Disticax's General Store.
 50292 | Elf:3    | Bought a scroll of enchant armour for 90 gold pieces
 51608 | Elf:3    | Identified the +1 quarterstaff "Xoagut" {vorpal, +Inv
                  | Int+3}
 52332 | Elf:3    | Identified the +9 war axe "Ystrawn" {vorpal, *Corrode +Inv
                  | Stlth+}
 52332 | Elf:3    | Identified the ring "Kudaf" {rElec rF- AC+4 Int+3 Dex+3}
 52339 | Elf:3    | Reached XP level 22. HP: 61/182 MP: 31/31
 52340 | Elf:3    | Identified the +4 morningstar of Destruction {drain, +Rage}
 52341 | Elf:3    | HP: 4/182 [Ice Fiend[a deep elf demonologist] (20)]
 52355 | Elf:3    | Killed from afar by a deep elf death mage

Illustrated notes

Levels and vault maps discovered:
D:1:      zaba_arrival_water, layout_rooms
D:2:      layout_loops_ring
D:3:      gammafunk_steamed_eel, layout_rooms, overflow_temple_1_default
D:4:      minmay_goblin_kobold_castle, layout_basic,
          nicolae_overflow_hidden_temple, hangedman_abyss_or_decor_stabs,
          uniq_ijyb, uniq_crazy_yiuf_cottage, uniq_sigmund, uniq_grinder,
          uniq_edmund
D:5:      layout_loops_ring, minmay_temple_entry_wispy, minmay_misc_feat_roman,
          nrook_mini_vaults
D:6:      layout_basic, serial_shops, shop, nicolae_shop_behind_doors,
          shop_statue
D:7:      layout_layer_cave, kennysheep_okawaru_gauntlet, serial_shops, shop,
          shop, kennysheep_little_box, nicolae_shop_waterfront, kennysheep_mini
D:8:      layout_basic
D:9:      layout_loops_ring, special_room [special_room_orc]
D:10:     layout_irregular_city, dpeg_lair_monsters, david_orc_3,
          mrwooster_statue_mirror, minmay_door_square
D:11:     layout_rooms, serial_shops, shop, eino_small_chamber_without_monster
D:12:     layout_basic, uniq_josephine, uniq_rupert
D:13:     layout_irregular_city, serial_shops, shop,
          nicolae_shop_overgrown_old_shop, lemuel_flame_loot_1, uniq_frances
D:14:     layout_long_grid, grunt_vaults_entry_fortified, serial_ice,
          serial_ice_h, serial_ice_b, serial_ice_c, serial_ice_g,
          serial_bayou_lagoon_a, uniq_roxanne
D:15:     grunt_enter_depths_snipers, layout_loops_cross, moated_statue,
          xom_teletrap_fun
Temple:   nicolae_temple_x_marks_the_god
Lair:1:   layout_hall_layers, lemuel_fruit_fields, uniq_urug
Lair:2:   layout_hall_layers, minmay_swamp_entry_swarm, special_room
          [special_room_bee], minivault_27
Lair:3:   layout_regular_city, minmay_snake_entry_guardpost_medium,
          gauntlet_entry_generic, patterned_corridor, grunt_megastairs_1,
          serial_bayou_shore_a, minmay_lair_oklob_chamber, uniq_snorg
Lair:4:   layout_big_grid, basic_altar, grunt_megastairs_3
Lair:5:   layout_loops_ring
Lair:6:   gammafunk_lair_ancient_temple, layout_cave_pods, slime_altar_1
Swamp:1:  layout_falls_marsh, evilmike_swamp_ruin_house_2, uniq_jorgrun
Swamp:2:  layout_basic_swamp, gammafunk_ghost_arena,
          evilmike_swamp_ruin_house_1, swamp_pool2
Swamp:3:  layout_basic_swamp, serial_swamp_ruin, evilmike_swamp_ruin_house_6,
          evilmike_swamp_ruin_house_3, evilmike_swamp_ruin_house_5
Swamp:4:  swamp_old_school, layout_basic_swamp
Snake:1:  layout_gridlike
Snake:2:  layout_rooms, ebering_ghost_gozag, st_stairs_13, grunt_megastairs_4,
          serial_bayou_shore_b, minmay_shop_grove, uniq_vashnia
Snake:3:  layout_onion_interference, drop_trap, uniq_louise
Snake:4:  snake_pit_salamanders_mu, layout_rooms, minmay_shoptagon
Orc:1:    layout_caves, enter_bailey_3, uniq_nergalle, uniq_sonja
Orc:2:    pf_orc_diabolical, layout_diamond_mine, serial_shops, shop, shop,
          nicolae_shop_competitors_out_of_business, shop
Elf:1:    layout_gridlike, minmay_elf_sorcery
Elf:2:    layout_geoelf_grid, st_stairs_5
Elf:3:    minmay_elf_hall_curves, layout_loops_cross, serial_shops, shop,
          basic_altar

Skill      XL: |  1  2  3  4  5  6  7  8  9 10 11 12 13 14 15 16 17 18 19 20 21 22 |
---------------+-------------------------------------------------------------------+-----
Maces & Flails | 3 7 8 10 14 16 17 18 19 20 | 20.0
Armour         | 4 5 7 10 12 | 12.8
Shields        | 5 6 8 9 14 15 | 15.0
Fighting       | 8 10 11 13 14 17 | 17.4
Dodging        | 2 4 7 9 10 11 | 11.0
Hexes          | 11 12 13 16 17 18 20 | 20.0
Spellcasting   | 2 3 4 6 |  6.0
Evocations     | 1 9 10 | 10.0
Ice Magic      | |  0.2

Action                   |  1- 3 |  4- 6 |  7- 9 | 10-12 | 13-15 | 16-18 | 19-21 | 22-24 || total
-------------------------+-------+-------+-------+-------+-------+-------+-------+-------++-------
Melee: Flail             |    98 |     9 |   112 |       |       |       |       |       ||   219
       Short sword       |    14 |    72 |       |       |       |       |       |       ||    86
       Mace              |       |       |   254 |   877 |       |       |       |       ||  1131
       Eveningstar       |       |       |       |   124 |  1008 |  1397 |  1879 |    19 ||  4427
 Cast: Corona            |       |       |       |     4 |    14 |     3 |     2 |       ||    23
       Confusing Touch   |       |       |       |       |    11 |    11 |    86 |       ||   108
       Tukima's Dance    |       |       |       |       |       |     2 |    23 |       ||    25
       Cause Fear        |       |       |       |       |       |     1 |     1 |       ||     2
Invok: Lunge             |       |       |     9 |    51 |    62 |    72 |    96 |       ||   290
       Whirlwind         |       |       |     1 |   191 |   118 |   111 |   145 |       ||   566
       Serpent's Lash    |       |       |       |       |     2 |       |       |       ||     2
       Heavenly Storm    |       |       |       |       |       |       |     2 |     1 ||     3
 Abil: Dig               |       |     1 |       |    10 |    18 |    22 |    27 |       ||    78
       Wall Jump         |       |       |       |    19 |    14 |    16 |     5 |     1 ||    55
       Evoke Flight      |       |       |       |       |     4 |       |       |       ||     4
Evoke: Wand              |       |     1 |     3 |     9 |     1 |    18 |    13 |     2 ||    47
       Box of beasts     |       |       |       |       |     1 |       |     5 |       ||     6
       Phantom mirror    |       |       |       |       |     1 |       |     1 |       ||     2
       Tin of tremorston |       |       |       |       |       |       |     1 |       ||     1
  Use: Scroll            |     2 |     2 |    14 |    13 |    11 |    15 |     5 |       ||    62
       Potion            |       |     1 |       |       |     7 |     1 |    13 |     2 ||    24
 Stab: Confused          |       |       |       |       |     7 |    14 |    69 |       ||    90
       Invisible         |       |       |       |       |       |     1 |       |       ||     1
       Distracted        |       |       |       |       |       |       |     3 |       ||     3
Armor: Scale mail        |    59 |    41 |    10 |       |       |       |       |       ||   110
       Chain mail        |       |       |   118 |    86 |   157 |   118 |       |       ||   479
       Plate armour      |       |       |       |   157 |    32 |   123 |   315 |     1 ||   628
       Skin              |       |       |       |       |    12 |       |       |       ||    12
Dodge: Dodged            |    48 |    22 |    93 |   227 |   298 |   349 |   420 |     6 ||  1463
       Repelled          |       |       |       |       |     4 |    25 |    41 |       ||    70
Block: Kite shield       |    57 |    41 |   204 |   661 |   658 |   786 |    97 |       ||  2504
       Reflection        |       |       |       |     9 |    16 |    92 |   142 |       ||   259
       Tower shield      |       |       |       |       |       |       |  1560 |     9 ||  1569

Table legend: (Time is in decaauts)
 A = Elapsed time spent in this place.
 B = Non-inter-level travel time spent in this place.
 C = Inter-level travel time spent in this place.
 D = Time resting spent in this place.
 E = Time spent auto-exploring this place.
 F = Levels seen in this place.
 G = Mean time per level.
                   A        B        C        D        E       F      G
               +--------+--------+--------+--------+--------+-----+--------+
         Total |  51970 |  49031 |   2939 |  14964 |  17849 |  38 | 1367.6 |
       Dungeon |  19710 |  18496 |   1214 |   4240 |   8291 |  15 | 1314.0 |
        Temple |     63 |     63 |      0 |      0 |      0 |   1 |   63.0 |
          Lair |   7126 |   6644 |    482 |   1416 |   3011 |   6 | 1187.7 |
         Swamp |   6435 |   5928 |    507 |   2193 |   2329 |   4 | 1608.8 |
     Snake Pit |   7475 |   7115 |    360 |   2944 |   1814 |   4 | 1868.8 |
  Orcish Mines |   3302 |   3076 |    226 |   1269 |    918 |   2 | 1651.0 |
   Elven Halls |   5941 |   5793 |    148 |   2477 |   1002 |   3 | 1980.3 |
         Abyss |    368 |    368 |      0 |      0 |      0 |   1 |  368.0 |
        Bailey |    612 |    612 |      0 |     25 |    306 |   1 |  612.0 |
      Gauntlet |    933 |    933 |      0 |    399 |    177 |   1 |  933.0 |
               +--------+--------+--------+--------+--------+-----+--------+

Top non-repeatable levels by time:
     D:4: 3035 daAuts
 Snake:4: 2934 daAuts
   Elf:2: 2567 daAuts
    D:10: 2068 daAuts
   Orc:2: 2051 daAuts
 Snake:2: 2018 daAuts
 Swamp:3: 1792 daAuts
 Swamp:1: 1774 daAuts
   Elf:3: 1762 daAuts
 Swamp:4: 1755 daAuts
  Lair:6: 1710 daAuts
   Elf:1: 1611 daAuts
     D:9: 1541 daAuts
  Lair:1: 1519 daAuts
     D:8: 1371 daAuts
